cohdb
Replays
Latest Replays
All Replays
Popular Replays
Top Player Replays
Match Explorer
How It Works
Community
CoH3 Stats
Reddit
Sign in to upload your games and track your stats! →
Sign in with Steam
Match 42913985
Unlisted
Match 42913985
Overview
Messages
Build Orders
End
Kradschützen Motorcycle Team
Construct Light Support Kompanie
Panzerjäger Squad
Panzerjäger Squad
MG34 Team
2.5-tonne Medical Truck
Assault Grenadier Squad
Construct Mechanized Kompanie
Panzerpioneer Squad
8 Rad Armored Car
Assault Grenadier Squad
Panzergrenadier Squad
Selects Italian Combined Arms Battlegroup
Selects Bersaglieri Squad
Selects Bersaglieri Bolster
Selects Breda Model 30 Light Machine Guns
Selects Semovente da 75/18 Assault Gun
Bersaglieri Squad
White_Rabbit.03
Vest
Wombatmann
BertsArmy
killall
xjxyGL
0
0
Comments
sign in to comment!
No comments posted yet!